 Dungeon Crawl Stone Soup version 0.29-a0-370-gb5314be063 (webtiles) character file.

Game seed: 10227359727191755892

60 Colgate the Cutter (level 4, 0/26 HPs)
             Began as a Kobold Brigand on May 2, 2022.
             Was a Believer of Lugonu.
             Slain by a gnoll
             ... wielding a +0 club
              (2 damage)
             ... on level 2 of the Dungeon.
             The game lasted 00:01:55 (1655 turns).

Colgate the Cutter (Kobold Brigand)                 Turns: 1655, Time: 00:01:56

Health: 0/26       AC:  3    Str:  8    XL:     4   Next: 24%
Magic:  4/4        EV: 14    Int: 14    God:    Lugonu [**....]
Gold:   162        SH:  0    Dex: 16    Spells: 3/3 levels left

rFire   . . .      SeeInvis .   a - +2 dagger
rCold   + . .      Faith    .   (no shield)
rNeg    . . .      Spirit   .   b - +0 robe
rPois   .          Reflect  .   (no helmet)
rElec   .          Harm     .   c - +0 cloak
rCorr   .          Rampage  .   (no gloves)
Will    .....                   (no boots)
Stlth   ++++......              (no amulet)
HPRegen 0.08/turn               h - ring of protection from cold
MPRegen 0.09/turn               (no ring)

@: no status effects
A: small, no large weapons, nightstalker 3
a: Renounce Religion, Depart the Abyss, Bend Space


You were on level 2 of the Dungeon.
You worshipped Lugonu.
Lugonu was pleased with you.
You visited 1 branch of the dungeon, and saw 2 of its levels.

You collected 162 gold pieces.

Inventory:

Hand Weapons
 a - a +2 dagger (weapon)
Missiles
 d - 12 poisoned darts (quivered)
 e - 3 curare-tipped darts
 j - 3 boomerangs
Armour
 b - a +0 robe (worn)
 c - a +0 cloak (worn)
Jewellery
 h - a ring of protection from cold (left hand)
 m - an amulet of reflection
Scrolls
 i - a scroll of enchant weapon {unknown}
 k - a scroll of immolation {unknown}
 n - 3 scrolls of identify {unknown}
 q - a scroll of torment {unknown}
Potions
 f - a potion of resistance {unknown}
 g - a potion of might {unknown}
 l - 2 potions of haste {unknown}
 o - a potion of mutation {unknown}
 p - a potion of flight {unknown}
 r - a potion of degeneration {unknown}
 s - 2 potions of brilliance {unknown}


   Skills:
 - Level 2.1 Fighting
 + Level 5.6 Short Blades
 - Level 2.1 Throwing
 - Level 1.2 Dodging
 - Level 5.3 Stealth


You had 3 spell levels left.
You didn't know any spells.
Your spell library contained the following spells:

 Spells                   Type           Power      Damage    Failure   Level
 Conjure Flame            Conj/Fire      0%         6-21      65%         3
 Ignite Poison            Fire/Tmut/Pois 0%         N/A       65%         3
 Sticky Flame             Conj/Fire      0%         2d3       96%         4


Dungeon Overview and Level Annotations

Branches:
Dungeon (2/15)

Altars:
Lugonu


Innate Abilities, Weirdness & Mutations

You are small and have problems with some larger weapons.
You are completely attuned to the shadows.


Message History

You are too injured to fight recklessly!
There are monsters nearby!
You are too injured to fight recklessly!
There are monsters nearby!
You are too injured to fight recklessly!
There are monsters nearby!
You are too injured to fight recklessly!
There are monsters nearby!
You are too injured to fight recklessly!
There are monsters nearby!
You are too injured to fight recklessly!
There are monsters nearby!
You are too injured to fight recklessly!
There are monsters nearby!
You are too injured to fight recklessly!
There are monsters nearby!
You are too injured to fight recklessly!
There are monsters nearby!
A rat comes into view.
The gnoll closely misses you. x2
You hit the gnoll but do no damage. The gnoll hits you but does no damage.
The gnoll closely misses you.
You hit the gnoll. You hit the gnoll. The gnoll hits you with a +0 halberd.
The gnoll closely misses you.
You hit the gnoll. The gnoll misses you. The gnoll closely misses you.
You hit the gnoll but do no damage. You hit the gnoll.
The gnoll barely misses you. The gnoll hits you with a +0 club.
You hit the gnoll. The gnoll closely misses you. x2
You barely miss the gnoll. The gnoll hits you with a +0 halberd.
* * * LOW HITPOINT WARNING * * *
The gnoll completely misses you.
You hit the gnoll. You hit the gnoll.
You kill the gnoll!
The gnoll misses you.
You hit the gnoll but do no damage. You punch the gnoll, but do no damage.
The gnoll hits you with a +0 club.
You die...

..>.. #.# #..#
#.# #..###.#####
..#..........#
#.#.##.###.....#
#[#.##.# #.)...#
#......# #.....#
##g.###
#.....### ##@#
###.....# #g#
#.....###. #r#
##......... #.#
###.......###
#.# ....#.....#
.......##.#
#.....##.#
###.####.#
####.####†#


You could see 2 gnolls and a rat.

Vanquished Creatures
  A gnoll (D:2)
  An adder (D:2)
  A worm (D:2)
  5 endoplasms
  6 goblins
  A hobgoblin (D:1)
  2 jackals (D:1)
  A quokka (D:2)
  8 ball pythons (D:1)
  2 bats (D:1)
  4 frilled lizards
  2 kobolds (D:2)
  5 rats
39 creatures vanquished.

Notes
Turn   | Place    | Note
-------+----------+-------------------------------------------
     0 | D:1      | Colgate the Kobold Brigand began the quest for the Orb.
     0 | D:1      | Reached XP level 1. HP: 12/12 MP: 1/1
   158 | D:1      | Reached XP level 2. HP: 17/17 MP: 2/2
   531 | D:1      | Reached XP level 3. HP: 21/21 MP: 3/3
   683 | D:1      | Found a faded altar of an unknown god.
   813 | D:1      | Prayed at the altar of an unknown god.
   813 | D:1      | Became a worshipper of Lugonu the Unformed
   813 | D:1      | Reached * piety under Lugonu
   813 | D:1      | Reached ** piety under Lugonu
  1077 | D:2      | Reached skill level 5 in Short Blades
  1242 | D:2      | Reached XP level 4. HP: 3/26 MP: 4/4
  1655 | D:2      | Slain by a gnoll

Illustrated notes

Levels and vault maps discovered:
D:1:      dpeg_arrival_pits, layout_basic, nicolae_ecumenical_snake_handling
D:2:      layout_loops_cross

Skill      XL: |  1  2  3 |
---------------+----------+-----
Short Blades   | 3 4 5 |  5.6
Fighting       | |  2.1
Throwing       | |  2.1
Dodging        | |  1.2
Stealth        | |  5.3

Action                   |  1- 3 |  4- 6 || total
-------------------------+-------+-------++-------
Melee: Dagger            |    71 |    21 ||    92
       Punch             |       |     1 ||     1
 Stab: Sleeping          |    17 |     2 ||    19
Armor: Robe              |     7 |     2 ||     9
Dodge: Dodged            |    30 |    17 ||    47

Table legend: (Time is in decaauts)
 A = Elapsed time spent in this place.
 B = Non-inter-level travel time spent in this place.
 C = Inter-level travel time spent in this place.
 D = Time resting spent in this place.
 E = Time spent auto-exploring this place.
 F = Levels seen in this place.
 G = Mean time per level.
                   A        B        C        D        E       F      G
               +--------+--------+--------+--------+--------+-----+--------+
         Total |   1633 |   1550 |     83 |      0 |   1330 |   2 |  816.5 |
       Dungeon |   1633 |   1550 |     83 |      0 |   1330 |   2 |  816.5 |
               +--------+--------+--------+--------+--------+-----+--------+

Top non-repeatable levels by time:
     D:1: 1035 daAuts
     D:2: 598 daAuts
